 Dungeon Crawl Stone Soup version 0.31-a0-963-ga325b2283a (webtiles) character file.

Game seed: 18131344648109101520

1679 p00ps00p the Chopper (level 9, -2/62 (79) HPs)
             Began as a Hill Orc Fighter on Oct 24, 2023.
             Was an Initiate of Gozag.
             Slain by a wight
             ... wielding a +3 great sword
              (4 damage)
             ... on level 6 of the Dungeon.
             The game lasted 00:10:28 (6660 turns).

p00ps00p the Chopper (Hill Orc Fighter)             Turns: 6660, Time: 00:10:29

HP:   -2/62 (79)    AC: 11    Str: 25    XL:     9   Next: 2%
MP:   9/9           EV:  8    Int:  8    God:    Gozag
Gold: 306           SH:  6    Dex: 16    Spells: 8/8 levels left

rFire   . . .        d - +7 whip of Truncation {flame, Str+2}
rCold   . . .        c - +0 buckler
rNeg    . . .        t - +0 chain mail
rPois   .            e - +0 helmet
rElec   .            (no cloak)
rCorr   .            (no gloves)
SInv    +            (no boots)
Will    .....        (no amulet) Stlth
                     j - ring of see invisible
HPRegen 0.30/turn    p - +6 ring of dexterity
MPRegen 0.11/turn

%: no passive effects
@: about to teleport, heavily drained
A: no striking features
a: Renounce Religion, Potion Petition, Call Merchant, Bribe Branch


You were on level 6 of the Dungeon.
You worshipped Gozag.
Gozag was aware of your devotion.
You visited 1 branch of the dungeon, and saw 6 of its levels.

You collected 372 gold pieces.
You paid 66 gold pieces to Gozag.

Inventory:

Hand Weapons
 a - a +0 war axe
 d - the +7 whip of Truncation (weapon) {flame, Str+2}
   (You found it on level 3 of the Dungeon)

   Str+2:     It affects your strength (+2).
 l - a +2 hand axe of freezing
Armour
 b - a +0 scale mail
 c - a +0 buckler (worn)
 e - a +0 helmet (worn)
 t - a +0 chain mail (worn)
Jewellery
 i - a ring of flight
 j - a ring of see invisible (left hand)
 p - a +6 ring of dexterity (right hand)
Wands
 q - a wand of roots (17)
Scrolls
 g - a scroll of amnesia
 k - 2 scrolls of fog
 r - a scroll of revelation
 s - a scroll of identify
 v - a scroll of teleportation
Potions
 f - 2 potions of degeneration
 h - a potion of attraction
 m - a potion of berserk rage
 n - a potion of mutation {unknown}
 o - 2 potions of lignification
 u - a potion of brilliance {unknown}
 w - a potion of curing {unknown}


   Skills:
 + Level 7.5 Fighting
 + Level 7.7 Axes
 + Level 6.9 Armour
 + Level 7.0 Shields


You had 8 spell levels left.
You didn't know any spells.
Your spell library contained the following spells:

 Spells                   Type           Power      Damage    Failure   Level
 Sublimation of Blood     Necr           0%         N/A       98%         2
 Wereblood                Tmut           0%         N/A       98%         2
 Dazzling Flash           Conj/Hex       0%         N/A       100%        3
 Volatile Blastmotes      Fire/Tloc      0%         2d10      100%        3
 Vhi's Electric Charge    Tloc/Air       0%         N/A       100%        4
 Arcjolt                  Conj/Air       0%         1d10      100%        5
 Plasma Beam              Fire/Air       0%         2x1d10    100%        6
 Starburst                Conj/Fire      0%         6d3       100%        6
 Summon Hydra             Summ           0%         N/A       100%        7
 Maxwell's Capacitive Co  Air            0%         ∞         100%        8


Dungeon Overview and Level Annotations

Branches:
Dungeon (6/15)
 Temple: D:4-7

Altars:
Cheibriados
Dithmenos
Elyvilon
Gozag
Trog
Uskayaw

Shops:
D:1 ?   D:2 (   D:6 [


Message History

You are exhausted.
You feel yourself slow down.
You start resting.
You feel yourself speed up.
You start resting.
You recover from your berserk rage.
You start resting.
HP restored.
You start waiting.
Done waiting.
You start waiting.
A wight is nearby!
The wight throws a stone.
The stone hits you but does no damage.
The wight throws a stone.
The stone hits you but does no damage. You block the wight's attack.
You closely miss the wight. The wight barely misses you.
You hit the wight. You burn the wight.
The wight is moderately damaged.
You hit the wight. You burn the wight.
The wight is lightly damaged.
The wight hits you with a +3 great sword.
The wight hits you with a +4 scimitar of freezing!
You feel drained. The wight freezes you. The wight blocks your attack.
The wight is lightly damaged.
The wight hits you with a +3 great sword.
You feel drained. The wight barely misses you.
You hit the wight but do no damage.
The wight is lightly damaged.
The wight hits you with a +3 great sword!
You feel drained.
* * * LOW HITPOINT WARNING * * *
You block the wight's attack.
As you read the scroll of teleportation, it crumbles to dust.
You feel strangely unstable. You block the wight's attack.
The wight hits you with a +3 great sword!!
* * * LOW HITPOINT WARNING * * *
You feel drained.
You die...
Your body crumbles into a pile of gold.

###.####..###.......###.# ##.#
#...# #..............#.# #...
##.#######.#...........>.# #.#.
...........#.#.......#.### #...
.#.#######.#.#.......#.# ##.#
.#.# #.#.#.......#.#######...
.#.# #.#.#...#...#...........
.#.# #.#..z#####.#########...
.#.#######.#.#zz@#..............#
...........#.###z#..#############
##..................#
####################


You could see 4 wights.

Vanquished Creatures
  Pikel (D:4)
  Duvessa (D:5)
  An ice beast (D:4)
  A sky beast (D:6)
  A black bear (D:5)
  A lemure (D:4)
  A phantom (D:5)
  2 scorpions (D:5)
  Dowan (D:5)
  4 killer bees (D:6)
  3 hounds (D:5)
  An iron imp (D:3)
  An orc priest (D:4)
  2 iguanas
  An orc wizard (D:4)
  Robin (D:2)
  7 adders
  A white imp (D:5)
  2 ufetubi (D:6)
  2 dart slugs
  3 worms
  3 orcs (D:4)
  7 bats
  9 endoplasms
  A giant cockroach (D:1)
  14 goblins
  11 hobgoblins
  5 quokkas
  7 ball pythons
  A frilled lizard (D:1)
  13 kobolds
  3 rats
112 creatures vanquished.

Notes
Turn   | Place    | Note
-------+----------+-------------------------------------------
     0 | D:1      | p00ps00p the Hill Orc Fighter began the quest for the Orb.
     0 | D:1      | Reached XP level 1. HP: 19/19 MP: 1/1
    90 | D:1      | Reached XP level 2. HP: 24/27 MP: 2/2
   182 | D:1      | Found Daxtair's Magic Scroll Shoppe.
   325 | D:1      | Reached XP level 3. HP: 18/33 MP: 3/3
   707 | D:2      | Noticed Robin
   725 | D:2      | Reached XP level 4. HP: 28/40 MP: 4/4
   729 | D:2      | Killed Robin
   865 | D:2      | Found a faded altar of an unknown god.
   925 | D:2      | Found a bloodstained altar of Trog.
  1261 | D:2      | Found Qin Taev's Antique Weapon Shoppe.
  1760 | D:3      | Found a snail-covered altar of Cheibriados.
  1781 | D:3      | Reached XP level 5. HP: 7/47 MP: 5/5
  2297 | D:3      | Identified the +7 whip of Truncation {flame, Str+2}
  2689 | D:4      | Reached XP level 6. HP: 38/55 MP: 6/6
  2694 | D:4      | Reached skill level 5 in Fighting
  2935 | D:4      | Found a bloodstained altar of Trog.
  3162 | D:4      | Noticed a black bear
  3163 | D:4      | Noticed an ice beast
  3343 | D:4      | Killed an ice beast
  3344 | D:4      | Reached skill level 5 in Axes
  4070 | D:5      | Entered Level 5 of the Dungeon
  4070 | D:5      | Noticed a black bear
  4074 | D:5      | Killed a black bear
  4075 | D:5      | Reached skill level 5 in Armour
  4075 | D:5      | Reached skill level 5 in Shields
  4075 | D:5      | Reached XP level 7. HP: 60/61 MP: 7/7
  4083 | D:5      | Noticed Duvessa
  4091 | D:5      | Noticed Dowan
  4249 | D:5      | Killed Duvessa
  4254 | D:5      | Killed Dowan
  4410 | D:5      | Found a white marble altar of Elyvilon.
  4450 | D:5      | Found an opulent altar of Gozag.
  4457 | D:5      | Became a worshipper of Gozag Ym Sagoz the Greedy
  4499 | D:5      | Noticed Pikel
  4961 | D:4      | Killed Pikel
  4962 | D:4      | Reached XP level 8. HP: 47/71 MP: 8/8
  5844 | D:5      | Found a hide-covered altar of Uskayaw.
  5845 | D:5      | Found a shadowy altar of Dithmenos.
  6134 | D:6      | Reached XP level 9. HP: 49/79 MP: 9/9
  6266 | D:6      | Found Efei's Armour Shop.
  6290 | D:6      | HP: 2/73 [wight/+4 spear (7)]
  6660 | D:6      | HP: 2/65 [wight/+3 great sword (18)]
  6660 | D:6      | Slain by a wight

Illustrated notes

Levels and vault maps discovered:
D:1:      onia_arrival_pyramid, layout_loops_ring, serial_shops, shop
D:2:      layout_basic, basic_altar, hellmonk_ecumenical_altar_crossroads,
          serial_shops, nicolae_shop_tiny_real_fake_doors, minmay_tetromino_i4,
          uniq_robin
D:3:      layout_loops_ring, slow_altar_2
D:4:      layout_basic, mainiacjoe_overflow_24_doors
D:5:      layout_basic, minitemple, mainiacjoe_overflow_two_lobes,
          minmay_liquid_box, uniq_duvessa, uniq_pikel
D:6:      layout_loops_ring, minmay_temple_entry_gardened_gates, serial_shops,
          shop

Skill      XL: |  1  2  3  4  5  6  7  8 |
---------------+-------------------------+-----
Axes           | 3 4 5 7 |  7.7
Fighting       | 4 5 6 7 |  7.5
Shields        | 4 5 6 7 |  7.0
Armour         | 4 5 6 |  6.9

Action                     |  1- 3 |  4- 6 |  7- 9 || total
---------------------------+-------+-------+-------++-------
  Melee: War axe           |    95 |    47 |       ||   142
         Hand axe          |       |    99 |       ||    99
         Whip              |       |    14 |   111 ||   125
    Use: Scroll            |     4 |     7 |     2 ||    13
         Potion            |       |     1 |     1 ||     2
   Stab: Distracted        |       |       |     1 ||     1
 Armour: Scale mail        |    96 |   114 |    54 ||   264
         Chain mail        |       |       |    54 ||    54
  Dodge: Dodged            |    50 |    60 |    39 ||   149
  Block: Buckler           |    30 |    29 |    29 ||    88

Table legend: (Time is in decaauts)
 A = Elapsed time spent in this place.
 B = Non-inter-level travel time spent in this place.
 C = Inter-level travel time spent in this place.
 D = Time resting spent in this place.
 E = Time spent auto-exploring this place.
 F = Levels seen in this place.
 G = Mean time per level.
                   A        B        C        D        E       F      G
               +--------+--------+--------+--------+--------+-----+--------+
         Total |   6732 |   6483 |    249 |   1947 |   3522 |   6 | 1122.0 |
       Dungeon |   6732 |   6483 |    249 |   1947 |   3522 |   6 | 1122.0 |
               +--------+--------+--------+--------+--------+-----+--------+

Top non-repeatable levels by time:
     D:4: 2307 daAuts
     D:5: 1143 daAuts
     D:3: 1093 daAuts
     D:2: 749 daAuts
     D:1: 733 daAuts
     D:6: 705 daAuts
